 Dungeon Crawl Stone Soup version 0.30.1-11-g7821555f0a (webtiles) character file.

Game seed: 5291987177144365696

19 CaptainMV the Cudgeller (level 2, 0/25 HPs)
             Began as a Naga Wanderer on Nov 6, 2023.
             Slain by Natasha (7 damage)
             ... on level 2 of the Dungeon.
             The game lasted 00:05:48 (548 turns).

CaptainMV the Cudgeller (Naga Wanderer)              Turns: 548, Time: 00:05:50

Health: 0/25       AC:  4    Str: 17    XL:     2   Next: 75%
Magic:  3/3        EV:  7    Int: 10    God:
Gold:   78         SH:  0    Dex:  9    Spells: 1/3 levels left

rFire   . . .        a - +2 mace
rCold   . . .        (no shield)
rNeg    . . .        b - +0 scale mail
rPois   +            (no helmet)
rElec   .            (no cloak)
rCorr   .            (no gloves)
SInv    +            (no barding)
Will    .....        (no amulet) Stlth
                     (no ring)
HPRegen 0.24/turn    (no ring)
MPRegen 0.08/turn

%: no passive effects
@: silenced, slowed, very slow
A: AC +0, large, see invisible, deformed body, poison resistance, slowness 2,
spit poison 1, naga tail 1
a: Spit Poison


You were on level 2 of the Dungeon.
You visited 1 branch of the dungeon, and saw 2 of its levels.

You collected 78 gold pieces.

Inventory:

Hand Weapons
 a - a +2 mace (weapon)
Armour
 b - a +0 scale mail (worn)
Potions
 d - a potion of haste {unknown}
 f - a potion of invisibility {unknown}


   Skills:
 + Level 1.1 Fighting
 + Level 4.6 Maces & Flails
 + Level 1.6 Armour
 + Level 1.0 Dodging
 + Level 1.0 Spellcasting
 + Level 1.0 Translocations


You had one spell level left.
You knew the following spells:

 Your Spells              Type           Power      Damage    Failure   Level
a - Momentum Strike       Conj/Tloc      2%         3d8       82%         2

Your spell library contained the following spells:

 Spells                   Type           Power      Damage    Failure   Level
 Blink                    Tloc           4%         N/A       75%         2
 Chain Lightning          Conj/Air       0%         N/A       100%        9
 Fire Storm               Conj/Fire      0%         5d1       100%        9
 Shatter                  Erth           0%         3d5*      100%        9


Dungeon Overview and Level Annotations

Branches:
Dungeon (2/15)

Altars:

Shops:
D:1 :

Annotations:
D:2 Natasha


Innate Abilities, Weirdness & Mutations

Your serpentine skin is tough. (AC +0)
You have supernaturally acute eyesight. (SInv)
Armour fits poorly on your strangely shaped body.
Your system is resistant to poisons. (rPois)
You cover ground very slowly.
You can spit poison.
You have a snake-like lower body.


Message History

Your magical contamination has completely faded away.
There is a faded altar of an unknown god here.
This altar belongs to (a) Hepliaklqana, (b) Qazlal or (c) Vehumet, but you can't tell which.
Press the corresponding letter to learn more about a god, or press enter to convert or escape to cancel.
Okay, then.
You open the door.
There is an open door here.
A ball python comes into view.
The ball python hisses angrily.
The ball python bites you but does no damage.
The ball python closely misses you.
You barely miss the ball python. The ball python bites you. x2
You closely miss the ball python.
The ball python bites you but does no damage.
You sock the ball python!
You kill the ball python!
Found a stone staircase leading up.
Found a pair of faintly humming boots.
Found 5 gold pieces.
You see here the +1 pair of boots "Beckopt" {rElec Dex+2}.
You now have 78 gold pieces (gained 5).
Found 4 gold pieces.
Natasha, Servant of Life and Death comes into view.
Natasha hisses angrily.
Natasha casts a spell at you. The magic dart hits you! Natasha claws you.
Natasha claws you but does no damage.
You closely miss Natasha. Natasha casts a spell at you.
The magic dart hits you!
* * * LOW HITPOINT WARNING * * *
Natasha stares at you and mumbles some strange words.
You feel yourself slow down.
Read: scroll of silence
Press: ? - help, Q - select action, (/) - cycle Dir - look around, f - activate You can't see that place.
As you read the scroll of silence, it crumbles to dust.
A profound silence engulfs you. Natasha claws you!
You die...

#. ... #. ... #.##...
..##.# . #.##.# #..
#.##.# ##########
##.$##..#.####.........
#.....@......#.........
#.#####h#.##.#.........
#.#.##.#.........
#...##...........
#...####.........
#.#.....<........
#.###.##.........
#.###.##.........
####.....##......[..


You could see Natasha.

Vanquished Creatures
  2 dart slugs (D:1)
  2 ball pythons
  A goblin (D:1)
  A hobgoblin (D:1)
  2 quokkas
  3 bats
  A frilled lizard (D:2)
  4 rats (D:1)
16 creatures vanquished.

Notes
Turn   | Place    | Note
-------+----------+-------------------------------------------
     0 | D:1      | CaptainMV the Naga Wanderer began the quest for the Orb.
     0 | D:1      | CaptainMV set off with the following items: a +2 mace, a +0
                  | scale mail, a scroll of silence; and the following spells
                  | available to memorise: Blink, Momentum Strike.
     0 | D:1      | Reached XP level 1. HP: 18/18 MP: 2/2
    89 | D:1      | Found Impocroc's Book Shoppe.
   144 | D:1      | Reached XP level 2. HP: 23/25 MP: 3/3
   209 | D:1      | Learned a level 2 spell: Momentum Strike
   488 | D:2      | Found a faded altar of an unknown god.
   524 | D:2      | Identified the +1 pair of boots "Beckopt" {rElec Dex+2}
   544 | D:2      | Noticed Natasha
   548 | D:2      | Slain by Natasha

Illustrated notes

Levels and vault maps discovered:
D:1:      saegor_arrival_simple_a, layout_rooms, serial_shops,
          nicolae_book_shop_shelving, glass_columns_b,
          chequers_serial_rivers_small_a
D:2:      layout_rooms, shapermc_ecumenical_altar_notcrosses,
          serial_corexii_hall, chequers_hall_statues_y, corexii_hall_statues_i,
          kennysheep_generic_room_4, uniq_natasha

Action                     || total
---------------------------++-------
  Melee: Mace              ||    40
    Use: Scroll            ||     4
 Armour: Scale mail        ||    21
  Dodge: Dodged            ||    18
